 Dungeon Crawl Stone Soup version 0.29.1-4-g47bece8355 (webtiles) character file.

Game seed: 9304237881231174393

11410 Anriel the Markself (level 11, -2/64 HPs)
             Began as a Deep Elf Hunter on Dec 7, 2022.
             Was an Initiate of Gozag.
             Shot with an arrow by a centaur warrior (13 damage)
             ... on level 11 of the Dungeon.
             The game lasted 01:14:29 (9956 turns).

Anriel the Markself (Deep Elf Hunter)               Turns: 9956, Time: 01:14:29

Health: -2/64      AC: 11    Str:  8    XL:     11   Next: 48%
Magic:  11/11      EV: 26    Int: 15    God:    Gozag
Gold:   741        SH:  0    Dex: 22    Spells: 10/10 levels left

rFire   + . .      SeeInvis .   k - +2 arbalest (freeze)
rCold   . . .      Faith    .   (shield currently unavailable)
rNeg    . . .      Spirit   .   s - +3 leather armour {rF+}
rPois   .          Reflect  .   f - +0 helmet
rElec   .          Harm     .   G - scarf {+Inv}
rCorr   .          Rampage  .   q - +1 pair of gloves
Will    +....                   e - +0 pair of boots
Stlth   ++++......              (no amulet)
HPRegen 0.20/turn               g - +4 ring of evasion
MPRegen 0.12/turn               K - +4 ring of evasion

@: no status effects
A: low MP 1
a: Renounce Religion, Evoke Invisibility, Potion Petition, Call Merchant, Bribe
Branch


You were on level 11 of the Dungeon.
You worshipped Gozag.
Gozag was pleased with you.
You visited 2 branches of the dungeon, and saw 12 of its levels.
You also visited: Ossuary.

You collected 2049 gold pieces.
You spent 816 gold pieces at shops.
You paid 492 gold pieces to Gozag.

Inventory:

Hand Weapons
 a - a +0 shortbow of venom
 k - a +2 arbalest of freezing (weapon)
 E - a +0 arbalest of chaos
 L - the +10 dagger "Jurphac" {distort, rC++}
   (You found it on level 11 of the Dungeon)

   It warps and distorts space around it, and may blink, banish, or inflict
   extra damage upon those it strikes.
   Unwielding it can cause banishment or high damage.
   rC:        It greatly protects you from cold.
Armour
 e - a +0 pair of boots (worn)
 f - a +0 helmet (worn)
 q - a +1 pair of gloves (worn)
 s - a +3 leather armour of fire resistance (worn)
 w - the +1 ring mail of King {Str+4}
   (You found it on level 5 of the Dungeon)

   Str:       It affects your strength (+4).
 G - a scarf of invisibility (worn)
Jewellery
 d - a ring of flight
 g - a +4 ring of evasion (left hand)
 j - a +6 ring of intelligence
 y - a ring of magical power
 B - the amulet "Porees" {Faith Harm}
   (You found it on level 7 of the Dungeon)

   [amulet of faith]

   It allows you to gain divine favour quickly.
   Harm:      It increases damage dealt and taken.
 C - a ring of ice
 I - a ring of wizardry
 K - a +4 ring of evasion (right hand)
Wands
 b - a wand of iceblast (2)
 l - a wand of charming (24)
 m - a wand of digging (6)
 o - a wand of flame (8)
 r - a wand of acid (19)
Scrolls
 h - a scroll of blinking
 n - 7 scrolls of identify
 v - 3 scrolls of teleportation
 x - a scroll of enchant armour
 F - 2 scrolls of butterflies
 H - a scroll of amnesia
 J - a scroll of fear {unknown}
Potions
 i - a potion of might
 p - 8 potions of curing
 t - a potion of ambrosia
 u - 2 potions of magic
 z - a potion of cancellation
 A - 3 potions of lignification
 D - a potion of haste


   Skills:
 - Level 5.3 Fighting
 + Level 15.4 Ranged Weapons
 - Level 5.0 Armour
 + Level 9.8 Dodging
 - Level 7.0 Stealth
 - Level 7.1 Evocations


You had 10 spell levels left.
You didn't know any spells.
Your spell library contained the following spells:

 Spells                   Type           Power      Damage    Failure   Level
 Necrotise                Necr           0%         1d4       36%         1
 Poisonous Vapours        Pois/Air       0%         N/A       50%         2
 Frozen Ramparts          Ice            0%         1d1       73%         3
 Vampiric Draining        Necr           0%         2d6       73%         3
 Animate Armour           Summ/Erth      0%         N/A       98%         4
 Ice Form                 Ice/Tmut       0%         N/A       98%         4
 Summon Ice Beast         Ice/Summ       0%         N/A       98%         4
 Agony                    Necr           0%         N/A       100%        5
 Silence                  Hex/Air        0%         N/A       100%        5
 Chain Lightning          Conj/Air       0%         N/A       100%        9


Dungeon Overview and Level Annotations

Branches:
Dungeon (11/15)            Temple (1/1) D:6            Lair (0/5) D:10
Ossuary (visited)
    Orc: D:9-12

Altars:
Ashenzari
Cheibriados
Dithmenos
Elyvilon
Fedhas
Gozag
Hepliaklqana
Kikubaaqudgha
Makhleb
Nemelex Xobeh
Okawaru
Qazlal
Ru
Sif Muna
Trog
Uskayaw
Vehumet
Wu Jian
Xom
Yredelemnul
Zin
The Shining One

Shops:
D:7 !?   D:8 :


Innate Abilities, Weirdness & Mutations

Your magical capacity is low. (-10% MP)


Message History

You destroy the wraith!
The centaur warrior simulacrum hits you but does no damage.
The centaur warrior simulacrum barely misses you.
Fire: k) +2 arbalest (freeze)
Press: ? - help, Q - select action, (/) - cycle Shift-Dir - straight line, f - centaur warrior simulacrum
Aim: a centaur warrior simulacrum (89% to hit)
You shoot a bolt.
The bolt hits the centaur warrior simulacrum!!
The centaur warrior simulacrum vaporises!
You now have 735 gold pieces (gained 4).
You now have 741 gold pieces (gained 6).
A centaur warrior comes into view. It is wielding a +0 falchion.
Fire: k) +2 arbalest (freeze)
Press: ? - help, Q - select action, (/) - cycle Shift-Dir - straight line, f - centaur warrior
Aim: a centaur warrior, wielding a +0 falchion and quivering stones (wandering, hasn't noticed you, 75% to hit)
You shoot a bolt. The centaur warrior shouts!
The bolt hits the centaur warrior!
The bolt freezes the centaur warrior.
The centaur warrior is moderately wounded.
The centaur warrior unwields a +0 falchion.
The centaur warrior wields a +0 shortbow.
The centaur warrior shoots an arrow.
The arrow hits you!
Fire: k) +2 arbalest (freeze)
Press: ? - help, Q - select action, (/) - cycle Shift-Dir - straight line, f/p - centaur warrior
Aim: a centaur warrior, wielding a +0 shortbow and quivering stones (moderately wounded, 75% to hit)
You shoot a bolt. The bolt hits the centaur warrior!
The bolt freezes the centaur warrior.
The centaur warrior is heavily wounded.
The centaur warrior shoots an arrow.
The arrow hits you.
The centaur warrior shoots an arrow.
The arrow hits you!!
Fire: k) +2 arbalest (freeze)
Press: ? - help, Q - select action, (/) - cycle Shift-Dir - straight line, f/p - centaur warrior
Aim: a centaur warrior, wielding a +0 shortbow and quivering stones (heavily wounded, 75% to hit)
You shoot a bolt.
The bolt closely misses the centaur warrior.
The centaur warrior shoots an arrow.
The arrow hits you!!
* * * LOW HITPOINT WARNING * * *
The centaur warrior shoots an arrow.
The arrow hits you!
You die...
Your body crumbles into a pile of gold.

........#.....#.........
........####+##....#####.###
<...............c..#..g....)
..########.........#.###
..#......#.........#.'.#
.##......#.........#.#.#
.#.......'...........#W+
.#########.........#.#.#
................@..#.+.#
...........#####...#.###+###.#
...........# +...#.........#
...#######.# #)..#####.#####
...#.....#.# #...#.........#
...'.....#.# #(..#.#.#.#.#.#
...#...).#.#####...#.........#
#..#.....#........$#.#.#.#.#.####
#..#.....#.#'####.......$cQ.....e


You could see a centaur warrior.

Vanquished Creatures
  A centaur warrior (D:11)
  A two-headed ogre (D:11)
  A deep elf pyromancer (D:11)
  A cyclops (D:11)
  Joseph (D:7)
  A komodo dragon (D:9)
  A troll (D:10)
  Prince Ribbit (D:7)
  A shadow (D:8)
  8 yaks
  Sigmund (D:4)
  A centaur simulacrum (D:11)
  2 wyverns
  Eustachio (D:6)
  2 steam dragons
  4 wraiths
  A basilisk (D:11)
  2 acid dragons (D:11)
  4 water moccasins
  Duvessa (D:6)
  5 orc warriors
  2 ice beasts (D:5)
  2 sky beasts (D:7)
  A black bear (D:7)
  2 centaurs
  2 kobold brigands
  4 bullfrogs
  3 gnoll sergeants
  5 scorpions
  A necrophage (D:7)
  Dowan (D:6)
  4 howler monkeys
  19 killer bees
  10 orc priests
  4 hounds
  3 jellies
  Jessica (D:2)
  3 gnoll boudas
  An iguana (D:5)
  Ijyb (D:4)
  11 orc wizards
  A mummy (Ossuary)
  27 gnolls
  11 adders
  A shadow imp (D:6)
  A white imp (D:5)
  An ufetubus (D:3)
  2 worms
  4 dart slugs
  21 orcs
  3 spectral bats (Ossuary)
  5 endoplasms
  A giant cockroach (D:1)
  12 gnoll zombies (Ossuary)
  8 goblins
  7 hobgoblins
  11 jackals
  3 ball pythons
  6 bats
  4 bat simulacra (Ossuary)
  2 frilled lizards
  3 goblin simulacra (Ossuary)
  2 goblin zombies (Ossuary)
  5 hobgoblin zombies (Ossuary)
  10 kobolds
  2 kobold simulacra (Ossuary)
  4 kobold zombies (Ossuary)
  7 orc zombies (Ossuary)
  5 rats
  3 rat simulacra (Ossuary)
  A spectral goblin (Ossuary)
  2 spectral kobolds (Ossuary)
  2 spectral rats (Ossuary)
298 creatures vanquished.

Vanquished Creatures (others)
  A centaur warrior (D:11)
  42 fungi (D:10)
  50 plants (D:10)
93 creatures vanquished.

Grand Total: 391 creatures vanquished

Notes
Turn   | Place    | Note
-------+----------+-------------------------------------------
     0 | D:1      | Anriel the Deep Elf Hunter began the quest for the Orb.
     0 | D:1      | Reached XP level 1. HP: 12/12 MP: 3/3
    23 | D:1      | Found a faded altar of an unknown god.
   211 | D:1      | Got the Directory of Adjuration and the Birds
   374 | D:1      | Reached XP level 2. HP: 11/17 MP: 4/4
   528 | D:1      | Reached skill level 6 in Ranged Weapons
   751 | D:2      | Noticed Jessica
   752 | D:2      | Killed Jessica
   753 | D:2      | Reached XP level 3. HP: 21/21 MP: 5/5
   904 | D:2      | Reached skill level 7 in Ranged Weapons
   904 | D:2      | Reached XP level 4. HP: 13/26 MP: 6/6
  1332 | D:3      | Reached XP level 5. HP: 26/31 MP: 7/7
  1703 | D:3      | Reached skill level 8 in Ranged Weapons
  1808 | D:3      | Reached XP level 6. HP: 31/37 MP: 8/8
  2576 | D:4      | Noticed Ijyb
  2596 | D:4      | Killed Ijyb
  2605 | D:4      | Gained mutation: Your magical capacity is low. (-10% MP)
                  | [potion of mutation]
  2955 | D:4      | Found a radiant altar of Vehumet.
  3007 | D:4      | Found an opulent altar of Gozag.
  3010 | D:4      | Found a basalt altar of Yredelemnul.
  3014 | D:4      | Became a worshipper of Gozag Ym Sagoz the Greedy
  3030 | D:4      | Reached XP level 7. HP: 43/43 MP: 8/8
  3350 | D:4      | Reached skill level 5 in Dodging
  3388 | D:4      | Noticed Sigmund
  3392 | D:4      | Killed Sigmund
  3393 | D:4      | Reached skill level 5 in Fighting
  3856 | D:5      | Entered Level 5 of the Dungeon
  3936 | D:5      | Found a sand-covered staircase.
  3954 | Ossuary  | Entered an ossuary
  4478 | Ossuary  | Reached XP level 8. HP: 49/49 MP: 9/9
  4861 | D:5      | Found an iron altar of Okawaru.
  5010 | D:5      | Reached skill level 9 in Ranged Weapons
  5165 | D:5      | Identified the +1 ring mail of King {Str+4}
  5388 | D:6      | Reached skill level 10 in Ranged Weapons
  5455 | D:6      | Noticed Duvessa
  5455 | D:6      | Noticed Dowan
  5464 | D:6      | Killed Duvessa
  5465 | D:6      | Reached skill level 1 in Armour
  5471 | D:6      | Killed Dowan
  5511 | D:6      | Noticed Eustachio
  5526 | D:6      | Killed Eustachio
  5816 | D:6      | Found a staircase to the Ecumenical Temple.
  5822 | Temple   | Entered the Ecumenical Temple
  6107 | D:6      | Found an ancient bone altar of Kikubaaqudgha.
  6107 | D:6      | Found a white marble altar of Elyvilon.
  6107 | D:6      | Found a blossoming altar of Fedhas.
  6107 | D:6      | Found a shimmering blue altar of Sif Muna.
  6116 | D:6      | Found an ornate altar of the Wu Jian Council.
  6116 | D:6      | Found a shadowy altar of Dithmenos.
  6314 | D:7      | Reached skill level 5 in Stealth
  6375 | D:7      | Found a hide-covered altar of Uskayaw.
  6432 | D:7      | Noticed Joseph
  6436 | D:7      | Noticed Prince Ribbit
  6441 | D:7      | Killed Joseph
  6442 | D:7      | Reached XP level 9. HP: 43/54 MP: 10/10
  6460 | D:7      | Killed Prince Ribbit
  6599 | D:7      | Identified the amulet "Porees" {Faith Harm}
  6875 | D:7      | Found Teros's Distillery.
  6891 | D:7      | Bought a potion of lignification for 39 gold pieces
  6891 | D:7      | Bought a potion of haste for 130 gold pieces
  6891 | D:7      | Bought a potion of flight for 39 gold pieces
  7209 | D:7      | Bought a scroll of blinking for 120 gold pieces
  7209 | D:7      | Bought a scroll of identify for 32 gold pieces
  7209 | D:7      | Bought a scroll of identify for 32 gold pieces
  7209 | D:7      | Bought a scroll of enchant weapon for 120 gold pieces
  7209 | D:7      | Bought a scroll of blinking for 120 gold pieces
  7275 | D:8      | Reached skill level 11 in Ranged Weapons
  7532 | D:8      | Found Voiqugoc's Tremendous Tomes.
  7797 | D:7      | Bought a scroll of brand weapon for 152 gold pieces
  7797 | D:7      | Bought a scroll of identify for 32 gold pieces
  7815 | D:9      | Noticed a komodo dragon
  7823 | D:8      | Reached XP level 10. HP: 22/59 MP: 11/11
  8154 | D:8      | Reached skill level 5 in Armour
  8218 | D:8      | Reached skill level 1 in Evocations
  8230 | D:9      | Reached skill level 12 in Ranged Weapons
  8833 | D:10     | Entered Level 10 of the Dungeon
  8909 | D:10     | Reached skill level 13 in Ranged Weapons
  8916 | D:10     | Reached skill level 5 in Evocations
  9068 | D:10     | Reached skill level 14 in Ranged Weapons
  9094 | D:10     | Reached XP level 11. HP: 41/64 MP: 11/11
  9246 | D:10     | Found a staircase to the Lair.
  9647 | D:11     | Identified the +10 dagger "Jurphac" {distort, rC++}
  9698 | D:11     | Noticed a centaur warrior
  9699 | D:11     | Noticed a centaur warrior
  9700 | D:11     | Killed a centaur warrior
  9700 | D:11     | Noticed a purple ugly thing
  9701 | D:11     | Noticed a deep elf pyromancer
  9710 | D:11     | Noticed a tengu warrior
  9711 | D:11     | Killed a deep elf pyromancer
  9712 | D:11     | Reached skill level 15 in Ranged Weapons
  9761 | D:11     | Noticed a two-headed ogre
  9764 | D:11     | Killed a two-headed ogre
  9952 | D:11     | Noticed a centaur warrior
  9956 | D:11     | Shot with an arrow by a centaur warrior

Illustrated notes

Levels and vault maps discovered:
D:1:      eino_arrival_druids_welcome, layout_basic,
          dreamdust_ecumenical_altar_statues
D:2:      layout_rooms, uniq_jessica
D:3:      layout_loops_ring, kennysheep_boxes
D:4:      layout_loops_cross, kennysheep_mini, nicolae_overflow_squiral,
          hangedman_feature_mirror, uniq_sigmund, uniq_ijyb
D:5:      layout_loops_cross, mainiacjoe_overflow_catwalk, enter_ossuary_1
D:6:      layout_loops_ring, minmay_overflow_temple_hex,
          minmay_temple_entry_fiery, uniq_duvessa, uniq_eustachio
D:7:      layout_cave_pods, nicolae_overflow_crystal_walls, serial_shops, shop,
          uniq_joseph, uniq_prince_ribbit1
D:8:      layout_rooms, nicolae_shop_i_like_big_books
D:9:      layout_rooms
D:10:     layout_basic, due_lair_maze_entry_diamond
D:11:     minmay_the_grid_3x3 [minmay_the_grid_slots,
          minmay_the_grid_zigzag_pyramid, minmay_the_grid_tri_star,
          minmay_the_grid_box_x, minmay_the_grid_expand, minmay_the_grid_doors,
          minmay_the_grid_minigrid_small, minmay_the_grid_all_tris,
          minmay_the_grid_prize_four_corners], layout_irregular_city
Temple:   bh_familiar_temple

Skill      XL: |  1  2  3  4  5  6  7  8  9 10 11 |
---------------+----------------------------------+-----
Ranged Weapons | 6 7 8 10 11 14 15 | 15.4
Fighting       | 2 3 4 5 |  5.3
Dodging        | 3 4 6 7 8 9 |  9.8
Armour         | 2 4 5 |  5.0
Stealth        | 6 7 |  7.0
Evocations     | 6 7 |  7.1

Action                   |  1- 3 |  4- 6 |  7- 9 | 10-12 || total
-------------------------+-------+-------+-------+-------++-------
Melee: Shortbow          |       |     1 |       |       ||     1
 Fire: Shortbow          |    79 |   135 |   223 |    66 ||   503
       Arbalest          |       |       |   145 |   150 ||   295
Invok: Call Merchant     |       |       |     1 |       ||     1
Evoke: Wand              |       |       |       |     3 ||     3
  Use: Scroll            |       |     5 |    19 |     6 ||    30
       Potion            |       |     3 |     2 |     2 ||     7
Armor: Leather armour    |    11 |    18 |    34 |    18 ||    81
Dodge: Dodged            |    29 |    51 |   147 |   114 ||   341
